cohdb
Replays
Latest Replays
All Replays
Popular Replays
Top Player Replays
Match Explorer
How It Works
Community
CoH3 Stats
Reddit
Sign in to upload your games and track your stats! →
Sign in with Steam
Match 40939207
Unlisted
Match 40939207
Overview
Messages
Build Orders
End
Kradschützen Motorcycle Team
Panzerpioneer Squad
Selects Panzerjäger Kommand Battlegroup
Selects Blockade Equipment
250 Light Carrier
250 Light Carrier
Construct Light Support Kompanie
Combat Half-tracks
Selects GrB 39 Grenade Launcher Requisition
Assault Grenadier Squad
Fire Support Elements
Flakvierling Half-track
Assault Grenadier Squad
2.5-tonne Medical Truck
Selects Defensive Positions
Forward Retreat Point
Construct Panzerarmee Kommand
Veteran Squad Leaders
Selects Butterfly Bomb Drop
Panzer III L Medium Tank
Tungsten Core Ammunition
Panzer III L Medium Tank
Butterfly Bomb Drop
Vehicle Survival Package
Emergency Repair Kits
Selects Crew Shock Tactics
Otter
Tek
[QSA] Aerocrastic
hifuj1335
カルト_くん
Tea Cup
oapr.95
iiruoz
0
0
Comments
sign in to comment!
No comments posted yet!